 Dungeon Crawl Stone Soup version 0.28.0-53-g5a82cb258f (webtiles) character file.

Game seed: 1427117498921021635

345 kwassi the Insei (level 6, -6/39 HPs)
             Began as an Octopode Transmuter on June 22, 2022.
             Was a Believer of Elyvilon.
             Mangled by an ogre
             ... wielding a +0 giant spiked club
              (22 damage)
             ... on level 4 of the Dungeon.
             The game lasted 00:10:21 (4622 turns).

kwassi the Insei (Octopode Transmuter)              Turns: 4622, Time: 00:10:21

Health: -6/39      AC:  2    Str: 10    XL:     6   Next: 58%
Magic:  8/10       EV: 20    Int: 17    God:    Elyvilon [**....]
Gold:   117        SH:  0    Dex: 17    Spells: 5/11 levels left

rFire   . . .      SeeInvis .     - Unarmed
rCold   . . .      Faith    .   (shield currently unavailable)
rNeg    . . .      Spirit   .   (helmet currently unavailable)
rPois   x          Reflect  .   (no amulet)
rElec   .          Harm     .   (no ring)
rCorr   .          Rampage  .   (no ring)
Will    .....                   (no ring)
Stlth   ++........              (no ring)
HPRegen 0.13/turn               (no ring)
MPRegen 0.12/turn               (no ring)
                                (no ring)
                                (no ring)

@: spider-form
A: venomous fangs, almost no armour, (amphibious), 8 rings, tiny, (camouflage
1), (gelatinous body 1), (nimble swimmer 1), (tentacles)
a: End Transformation, Renounce Religion, Purification, Heal Other


You were on level 4 of the Dungeon.
You worshipped Elyvilon.
Elyvilon was pleased with you.
You were a venomous arachnid creature.
You visited 1 branch of the dungeon, and saw 4 of its levels.

You collected 117 gold pieces.

Inventory:

Hand Weapons
 b - a +0 dagger
 l - a +2 vorpal flail (melded)
Missiles
 o - 4 poisoned darts
Wands
 g - a wand of digging (6)
Scrolls
 d - 5 scrolls of identify {unknown}
 e - a scroll of fear {unknown}
 h - a scroll of amnesia {unknown}
 i - a scroll of immolation {unknown}
 k - a scroll of teleportation {unknown}
Potions
 a - 2 potions of heal wounds {unknown}
 c - a potion of curing {unknown}
 f - a potion of ambrosia {unknown}
 j - 3 potions of brilliance {unknown}
 m - a potion of mutation {unknown}
 n - a potion of degeneration {unknown}


   Skills:
 + Level 1.6 Fighting
 - Level 0.3 Short Blades
 * Level 2.1 Maces & Flails
 + Level 2.7 Dodging
 + Level 3.1 Stealth
 - Level 3.6 Unarmed Combat
 + Level 3.2 Spellcasting
 + Level 3.1 Transmutations
 * Level 1.0 Poison Magic
 * Level 1.5 Invocations


You had 5 spell levels left.
You knew the following spells:

 Your Spells              Type           Power      Damage    Failure   Level
a - Beastly Appendage     Tmut           26%        N/A       14%         1
b - Wereblood             Tmut           13%        N/A       19%         2
c - Spider Form           Tmut/Pois      9%         N/A       43%         3

Your spell library contained the following spells:

 Spells                   Type           Power      Damage    Failure   Level
 Ice Form                 Ice/Tmut       8%         N/A       83%         4


Dungeon Overview and Level Annotations

Branches:
Dungeon (4/15)
 Temple: D:4-7

Altars:
Elyvilon

Shops:
D:2 (


Innate Abilities, Weirdness & Mutations

You are a venomous arachnid creature.
You have poisonous fangs.
You are tiny and dextrous.
Your spellcasting is less reliable in this form.
Your armour is entirely melded.
You are incapable of wielding weapons or throwing items.
You cannot wear most types of armour.
((You are amphibious.))
You can wear up to eight rings at the same time.
((Your skin changes colour to match your surroundings (Stealth+).))
((Your rubbery body absorbs attacks. (AC +1, EV +1)))
((You are camouflaged when in or above water. (Stealth+)))
((You have tentacles for arms and can constrict up to eight enemies at once.))


Message History

You see here a hobgoblin corpse.
d - 4 scrolls labelled BYEN JEVAIGIY (gained 1)
d - 5 scrolls labelled BYEN JEVAIGIY (gained 1)
There is a large open door here.
Your transformation is almost over.
You see here a +0 whip.
You see here a dart slug corpse.
Your tentacle spike disappears.
There is an open door here.
Things that are here:
a +0 dagger; a +0 robe You see here a +0 short sword.
Magic restored.
You open the door.
Found a war axe.
There is an open door here.
An ogre comes into view. It is wielding a +0 giant spiked club.
Casting: Beastly Appendage (safe; 4% risk of failure)
Confirm with . or Enter, or press ? or * to list all spells.
The spell is quite dangerous to miscast (22% risk of failure)!
Continue anyway?
You turn into a venomous arachnid creature.
Your +2 vorpal flail melds into your body.
The ogre shouts!
The ogre hits you with a +0 giant spiked club.
You hit the ogre.
The ogre is poisoned.
The ogre is lightly wounded.
The ogre closely misses you.
You barely miss the ogre.
The ogre is moderately wounded.
The ogre hits you with a +0 giant spiked club!!
You barely miss the ogre.
The ogre is moderately wounded.
You barely miss the ogre.
The ogre is moderately wounded.
The ogre completely misses you.
You bite the ogre!
The ogre is severely wounded.
The ogre hits you with a +0 giant spiked club!!
Ouch! That really hurt!
You die...

.....##†# #..........
+#....#)#####...........
......).....#....#......
#...........#....#.....
....÷.......'.........#
............#.......#
............#.......#
............#.......#
#.###########...s...#
................O...+
#.#...##########.$..##..
...<÷.#............)....
........................
........................
##..................#...
#..................#...
#................### ##


You could see an ogre (very poisoned).

Vanquished Creatures
  A black bear (D:4)
  A phantom (D:4)
  An orc wizard (D:4)
  8 adders
  An ufetubus (D:4)
  2 worms
  2 dart slugs
  3 orcs
  6 ball pythons
  10 endoplasms
  3 giant cockroaches
  7 goblins
  9 hobgoblins
  3 kobolds
  4 quokkas
  4 bats
  5 frilled lizards
  6 rats
76 creatures vanquished.

Vanquished Creatures (others)
  2 plants (D:2)
  5 withered plants (D:2)
7 creatures vanquished.

Grand Total: 83 creatures vanquished

Notes
Turn   | Place    | Note
-------+----------+-------------------------------------------
     0 | D:1      | kwassi the Octopode Transmuter began the quest for the Orb.
     0 | D:1      | Reached XP level 1. HP: 13/13 MP: 3/3
   415 | D:1      | Reached XP level 2. HP: 14/18 MP: 3/5
  1024 | D:1      | Reached XP level 3. HP: 23/23 MP: 4/6
  1365 | D:2      | Reached skill level 1 in Stealth
  2018 | D:2      | Found a faded altar of an unknown god.
  2066 | D:2      | Prayed at the altar of an unknown god.
  2066 | D:2      | Became a worshipper of Elyvilon the Healer
  2066 | D:2      | Reached * piety under Elyvilon
  2205 | D:2      | Found Mucemmiff's Antique Weapon Shoppe.
  2311 | D:2      | Reached XP level 4. HP: 27/28 MP: 5/7
  2763 | D:3      | Reached ** piety under Elyvilon
  3195 | D:3      | Reached XP level 5. HP: 25/33 MP: 7/9
  3932 | D:4      | Noticed a phantom
  4131 | D:3      | Learned a level 2 spell: Wereblood
  4135 | D:3      | Learned a level 3 spell: Spider Form
  4150 | D:4      | Killed a phantom
  4151 | D:4      | Reached skill level 1 in Maces & Flails
  4151 | D:4      | Reached skill level 1 in Invocations
  4152 | D:4      | Reached XP level 6. HP: 21/38 MP: 7/10
  4312 | D:4      | Noticed a black bear
  4325 | D:4      | Killed a black bear
  4546 | D:4      | Reached skill level 1 in Poison Magic
  4622 | D:4      | Mangled by an ogre

Illustrated notes

Levels and vault maps discovered:
D:1:      sevenhm_arrival_forest_fort_small_3, layout_rooms
D:2:      layout_basic, serial_shops, nicolae_square_shop,
          shapermc_ecumenical_altar_flowoftime, grunt_ministairs_14,
          nicolae_concentric_dashed_squares_mild
D:3:      layout_loops_ring
D:4:      old_forge, layout_basic, serial_glass, glass_columns_a,
          glass_columns_b, kennysheep_generic_room_5

Skill      XL: |  1  2  3  4  5  6 |
---------------+-------------------+-----
Stealth        | 1 2 3 |  3.1
Spellcasting   | 3 |  3.2
Maces & Flails | 1 2 |  2.1
Transmutations | 3 |  3.1
Invocations    | 1 |  1.5
Poison Magic   | 1 |  1.0
Fighting       | |  1.6
Short Blades   | |  0.3
Dodging        | |  2.7
Unarmed Combat | |  3.6

Action                   |  1- 3 |  4- 6 || total
-------------------------+-------+-------++-------
Melee: Unarmed           |    55 |    36 ||    91
       Kick              |    27 |    13 ||    40
       Tentacles         |    30 |    17 ||    47
       Constrict         |    28 |    14 ||    42
       Dagger            |    53 |    33 ||    86
       Punch             |     6 |     3 ||     9
       Flail             |       |    25 ||    25
 Cast: Beastly Appendage |    21 |    18 ||    39
       Spider Form       |       |     4 ||     4
 Stab: Sleeping          |     4 |     6 ||    10
Armor: Skin              |     8 |     6 ||    14
Dodge: Dodged            |    39 |    60 ||    99
